 Dungeon Crawl Stone Soup version 0.30-b1-2-g02819fbbbe (webtiles) character file.

Game seed: 9876867796592297062

163996 manyhoops the Arsonist (level 16, -21/141 HPs)
             Began as a Demigod Earth Elementalist on Nov 21, 2023.
             Killed by a resonance strike
             ... invoked by Zenata
              (26 damage)
             ... on level 3 of the Elven Halls on Nov 22, 2023.
             The game lasted 01:35:43 (41600 turns).

manyhoops the Arsonist (DgEE)                      Turns: 41600, Time: 01:35:43

Health: -21/141    AC: 14    Str:  7    XL:     16   Next: 70%
Magic:  15/38      EV: 16    Int: 43    God:
Gold:   748        SH:  6    Dex: 14    Spells: 2/41 levels left

rFire   + . .        p - +4 mace (protect)
rCold   + + +        X - +1 buckler {reflect}
rNeg    . . .        M - +2 robe {Will+}
rPois   .            N - +2 hat {Will+}
rElec   .            w - +2 cloak
rCorr   .            t - +1 pair of gloves of a Thousand Yaks {rC+ SInv}
SInv    +            l - +2 pair of boots
Will    +++..        e - amulet of Discord {RegenMP Fragile rC++}
Stlth   +++++        u - +6 ring of intelligence
HPRegen 0.43/turn    P - ring of wizardry
MPRegen 0.66/turn

%: reflection, clarity, wizardry (x1)
@: very slightly contaminated
A: high MP 1, forlorn, divine attributes, clarity, fire resistance 1, weak 1
a: no special abilities


You were on level 3 of the Elven Halls.
You visited 6 branches of the dungeon, and saw 27 of its levels.
You also visited: Bailey and Volcano.

You collected 3929 gold pieces.
You spent 3181 gold pieces at shops.

Inventory:

Hand Weapons
 p - a +4 mace of protection (weapon)
Missiles
 f - 2 throwing nets
Armour
 l - a +2 pair of boots (worn)
 t - the +1 pair of gloves of a Thousand Yaks (worn) {rC+ SInv}
   (You found it on level 5 of the Dungeon)

   rC:        It protects you from cold.
   SInv:      It lets you see invisible.
 w - a +2 cloak (worn)
 M - a +2 robe of willpower (worn)
 N - a +2 hat of willpower (worn)
 U - a scarf of repulsion
 X - a +1 buckler of reflection (worn)
Jewellery
 e - the amulet of Discord (around neck) {RegenMP Fragile rC++}
   (You acquired it on level 9 of the Dungeon)

   [amulet of magic regeneration]

   It increases your rate of magic regeneration.
   rC:        It greatly protects you from cold.
   Fragile:   It will be destroyed if unequipped.
 h - a ring of resist corrosion
 n - a ring of protection from fire
 u - a +6 ring of intelligence (left hand)
 B - a ring of see invisible
 P - a ring of wizardry (right hand)
 R - a +4 ring of protection
 Y - a +5 ring of evasion
Wands
 k - a wand of roots (9)
 r - a wand of flame (16)
 D - a wand of polymorph (4)
 J - a wand of mindburst (22)
 K - a wand of charming (19)
 L - a wand of acid (11)
Scrolls
 a - a scroll of magic mapping
 g - 3 scrolls of silence
 i - 3 scrolls of noise
 o - 5 scrolls of amnesia
 q - 4 scrolls of enchant weapon
 y - a scroll of fog
 z - 7 scrolls of teleportation
 A - a scroll of vulnerability
 C - a scroll of immolation
 O - 2 scrolls of enchant armour
 T - 10 scrolls of identify
 V - 2 scrolls of poison
 W - a scroll of brand weapon
Potions
 c - 6 potions of attraction
 d - 6 potions of brilliance
 j - 4 potions of cancellation
 m - 2 potions of heal wounds
 s - 3 potions of haste
 v - 2 potions of invisibility
 x - 5 potions of curing
 E - 2 potions of berserk rage
 F - 10 potions of ambrosia
 G - 6 potions of might
 I - 2 potions of flight
 S - a potion of lignification
Miscellaneous
 H - a phantom mirror


   Skills:
 - Level 12.9 Fighting
 - Level 9.7 Dodging
 - Level 10.9 Stealth
 - Level 6.4 Shields
 - Level 13.0 Spellcasting
 + Level 5.4 Conjurations
 - Level 0.8 Transmutations
 - Level 14.1 Fire Magic
 + Level 6.8 Earth Magic
 - Level 6.0 Evocations


You had 2 spell levels left.
You knew the following spells:

 Your Spells              Type           Power      Damage    Failure   Level
a - Sandblast             Erth           100%       2d20      1%          1
b - Passwall              Tmut/Erth      47%        N/A       1%          2
c - Stone Arrow           Conj/Erth      100%       3d13      1%          3
d - Sticky Flame          Conj/Fire      84%        2d10      1%          4
e - Lee's Rapid Deconstr  Erth           36%        3d18*     1%          5
f - Borgnjor's Vile Clut  Necr/Erth      27%        N/A       4%          5
g - Blink                 Tloc           54%        N/A       1%          2
h - Ignition              Fire           49%        3d14      12%         8
m - Mephitic Cloud        Conj/Pois/Air  43%        N/A       1%          3
v - Iron Shot             Conj/Erth      34%        9d7       8%          6

Your spell library contained the following spells:

 Spells                   Type           Power      Damage    Failure   Level
 Beastly Appendage        Tmut           70%        N/A       1%          1
 Magic Dart               Conj           100%       1d8       1%          1
 Slow                     Hex            100%       N/A       1%          1
 Summon Small Mammal      Summ           100%       N/A       1%          1
 Call Imp                 Summ           54%        N/A       1%          2
 Cigotuvi's Dreadful Rot  Necr/Pois/Air  54%        N/A       1%          2
 Ensorcelled Hibernation  Hex/Ice        54%        N/A       1%          2
 Lesser Beckoning         Tloc           54%        N/A       1%          2
 Momentum Strike          Conj/Tloc      100%       3d10      1%          2
 Searing Ray              Conj           100%       2d8       1%          2
 Wereblood                Tmut           35%        N/A       1%          2
 Call Canine Familiar     Summ           27%        N/A       1%          3
 Confusing Touch          Hex            27%        N/A       1%          3
 Frozen Ramparts          Ice            54%        1d9       1%          3
 Ignite Poison            Fire/Tmut/Pois 63%        N/A       1%          3
 Portal Projectile        Hex/Tloc       54%        N/A       1%          3
 Spider Form              Tmut/Pois      31%        N/A       1%          3
 Summon Guardian Golem    Hex/Summ       27%        N/A       1%          3
 Vampiric Draining        Necr           27%        2d7       1%          3
 Animate Armour           Summ/Erth      100%       N/A       1%          4
 Fulminant Prism          Conj/Hex       25%        3d14      1%          4
 Leda's Liquefaction      Hex/Erth       27%        N/A       1%          4
 Petrify                  Tmut/Erth      57%        N/A       1%          4
 Ice Form                 Ice/Tmut       31%        N/A       5%          4
 Anguish                  Hex/Necr       13%        N/A       6%          4
 Animate Dead             Necr           27%        N/A       6%          4
 Dispel Undead            Necr           27%        3d13      6%          4
 Summon Ice Beast         Ice/Summ       27%        N/A       6%          4
 Blade Hands              Tmut           17%        N/A       12%         5
 Alistair's Intoxication  Tmut/Pois      20%        N/A       14%         5
 Metabolic Englaciation   Hex/Ice        13%        N/A       16%         5
 Statue Form              Tmut/Erth      38%        N/A       19%         6
 Conjure Ball Lightning   Conj/Air       25%        3x3d7     30%         6
 Eringya's Noxious Bog    Tmut/Pois      15%        N/A       58%         6
 Death Channel            Necr           13%        N/A       65%         6
 Lehudib's Crystal Spear  Conj/Erth      34%        10d9      96%         8
 Discord                  Hex            13%        N/A       100%        8
 Disjunction              Tloc           13%        N/A       100%        8


Dungeon Overview and Level Annotations

Branches:
Dungeon (15/15)            Temple (0/1) D:5            Lair (5/5) D:8
 Shoals (1/4) Lair:3        Snake (1/4) Lair:3        Slime (0/5) Lair:4
    Orc (2/2) D:10            Elf (3/3) Orc:2        Vaults (0/5) D:14
 Depths (0/4) D:15         Bailey (visited)         Volcano (visited)

Shops:
D:7 (   D:8 *   D:12 !?!   Orc:2 ?[=?   Elf:1 *:=:

Annotations:
D:14 1 runed translucent door, diceflayer's ghost, journeyman DsGl
Elf:2 3 runed translucent doors
Elf:3 Zenata


Innate Abilities, Weirdness & Mutations

You have an increased reservoir of magic. (+10% MP)
You shall have no god before yourself.
Your divine heritage dramatically boosts your attributes as you level up.
You possess an exceptional clarity of mind.
Your flesh is heat resistant. (rF+)
You are weak. (Str -2)


Message History

Confirm with . or Enter, or press ? or * to list all spells.
Okay, then.
Unknown command.
You feel much better.
You feel stable enough to blink again.
The +4 heavy glaive hits you from afar!!!
* * * LOW HITPOINT WARNING * * *
Casting: Stone Arrow (safe; 1% risk of failure)
Confirm with . or Enter, or press ? or * to list all spells.
Casting: Ignition (dangerous; 12% risk of failure)
Press: ? - help, Dir - look around, f - activate Look: Zenata, wielding a +3 eveningstar and wearing a +1 leather armour of willpower (almost dead)
The air bursts into flame!
The fireball engulfs the +4 long sword of holy wrath.
The +4 long sword of holy wrath resists.
The +4 long sword of holy wrath is heavily damaged.
The fireball engulfs the +4 heavy glaive.
The +4 heavy glaive resists.
The +4 heavy glaive is almost destroyed.
The fireball engulfs the +1 heavy flail.
The +1 heavy flail resists.
The +1 heavy flail is heavily damaged.
The fireball engulfs Zenata.
Zenata is almost dead.
The fireball engulfs the +4 heavy glaive.
The +4 heavy glaive resists.
You destroy the +4 heavy glaive!
The +4 heavy glaive disappears in a puff of smoke!
The fireball engulfs the +1 heavy flail.
The +1 heavy flail resists.
The +1 heavy flail is severely damaged.
The fireball engulfs the +4 long sword of holy wrath.
The +4 long sword of holy wrath resists.
The +4 long sword of holy wrath is severely damaged.
The +1 heavy flail hits you but does no damage.
The +1 heavy flail hits you!
* * * LOW HITPOINT WARNING * * *
Zenata points at you and mumbles some strange words.
A blast of power from the earth and the adjacent constructs strikes you!
You die...

###.##.##.## #.###.###...##
.#'#######.## #a##.# #.....#
..## ##.###)#'# ##.....## ...#
##'#...## #..)....#
...##########....<######'######
...'.....[.[.......'#...))..#.#
...#########....ยง..###[))[.##.#
...# #....((.# #.....##.# .<##
##'...@.^###'[[.'##.# .#'##
##.##...#.##.#...#...#
###.######.#######....##.##..##
##'#.##.## #######8#####
##...'## ### #.....# ##...##
##.## ###


You could see Zenata and 2 dancing weapons.

Vanquished Creatures
  A deep elf blademaster (Elf:3)
  Gastronok (Lair:2)
  2 deep elf sorcerers (Elf:3)
  An orc warlord (Orc:1)
  3 deep elf elementalists (Elf:3)
  2 very ugly things (D:15)
  5 deep elf demonologists
  A deep elf death mage (Elf:3)
  2 deep elf annihilators (Elf:3)
  A great orb of eyes (D:15)
  2 deep elf high priests
  An ice dragon (shapeshifter) (D:15)
  Erolcha (D:12)
  5 vault guards
  13 hydras
  4 ogre magi
  A catoblepas (D:15)
  5 boulder beetles
  7 two-headed ogres
  10 dancing weapons
  8 centaur warriors
  2 tengu warriors
  2 orc high priests
  16 deep elf knights
  A fire crab (shapeshifter) (Elf:2)
  A skyshark (shapeshifter) (D:15)
  Nergalle (Orc:2)
  3 skysharks
  Pikel (D:6)
  2 wizards
  A lindwurm (Lair:2)
  10 deep elf archers
  2 wolf spiders
  25 deep elf pyromancers
  2 orc knights
  20 deep elf zephyrmancers
  A faun (shapeshifter) (D:13)
  10 orc sorcerers
  A salamander (shapeshifter) (D:13)
  7 cyclopes
  23 ugly things
  A guardian serpent (Lair:5)
  Joseph (D:9)
  A gargoyle (D:13)
  2 torpor snails
  15 cane toads
  An eye of devastation (shapeshifter) (D:13)
  2 water nymphs (Lair:3)
  9 black mambas
  A torpor snail (shapeshifter) (Elf:1)
  2 freezing wraiths
  An unseen horror (D:12)
  A kobold demonologist (D:12)
  An efreet (D:15)
  2 rime drakes (Lair:4)
  A tengu conjurer (D:15)
  8 komodo dragons
  A yaktaur (D:15)
  A queen bee (Orc:1)
  6 trolls
  13 polar bears
  2 hornets (Lair:5)
  Prince Ribbit (D:7)
  A snapping turtle (shapeshifter) (Elf:1)
  A wind drake (shapeshifter) (D:13)
  4 blink frogs
  4 raiju (Lair:5)
  19 slime creatures
  3 air elementals
  A wraith (D:12)
  41 yaks
  3 shadows
  16 wyverns
  4 water elementals
  7 fire elementals
  10 basilisks
  A steam dragon (Lair:4)
  8 vampire mosquitoes
  3 redbacks (Lair:5)
  Menkaure (D:4)
  Edmund (D:4)
  12 wargs
  2 acid dragons (D:8)
  20 hell hounds
  Duvessa (D:5)
  18 water moccasins
  A swamp drake (D:10)
  29 orc warriors
  13 black bears
  14 ogres
  A boggart (D:14)
  17 wolves
  16 centaurs
  A lemure (D:5)
  2 kobold brigands
  A scorpion (D:4)
  A gnoll sergeant (D:8)
  11 bullfrogs
  An earth elemental (Elf:1)
  5 wights (D:8)
  Dowan (D:5)
  41 killer bees
  5 howler monkeys
  8 electric eels
  2 hounds
  2 quasits (D:4)
  16 orc priests
  A gnoll bouda (Orc:2)
  A jelly (D:8)
  32 orc wizards
  20 hell rats
  An iguana (D:6)
  13 gnolls
  4 adders
  A shadow imp (D:4)
  5 white imps
  3 ufetubi (D:4)
  A dart slug (D:1)
  66 orcs
  5 ball pythons
  2 bats
  4 endoplasms
  2 giant cockroaches (D:2)
  16 goblins
  16 hobgoblins
  2 jackals (D:5)
  19 kobolds
  2 quokkas (D:1)
  3 training dummies (D:7)
  3 frilled lizards
  5 rats
876 creatures vanquished.

Vanquished Creatures (collateral kills)
  3 orc wizards (Orc:2)
  An orc (Orc:2)
4 creatures vanquished.

Vanquished Creatures (others)
  2 deep elf knights (Elf:1)
  An efreet (D:15)
  An ogre (D:15)
  A hobgoblin (Bailey)
  64 fungi
  105 plants
174 creatures vanquished.

Grand Total: 1054 creatures vanquished

Notes
Turn   | Place    | Note
-------+----------+-------------------------------------------
     0 | D:1      | manyhoops the Demigod Earth Elementalist began the quest
                  | for the Orb.
     0 | D:1      | Reached XP level 1. HP: 14/14 MP: 5/5
   303 | D:1      | Reached XP level 2. HP: 11/20 MP: 5/7
   749 | D:1      | Reached XP level 3. HP: 21/26 MP: 5/9
  1854 | D:3      | Reached XP level 4. HP: 33/33 MP: 3/11
  2626 | D:4      | Noticed Menkaure
  2631 | D:4      | Killed Menkaure
  2632 | D:4      | Reached XP level 5. HP: 29/38 MP: 6/13
  2688 | D:4      | Identified the +9 chain mail "Ytemimow" {rCorr}
  2935 | D:4      | Reached XP level 6. HP: 25/45 MP: 12/15
  2937 | D:4      | Reached skill level 5 in Earth Magic
  3039 | D:4      | Noticed Edmund
  3056 | D:4      | Killed Edmund
  3638 | D:4      | Reached skill level 5 in Spellcasting
  3638 | D:4      | Reached XP level 7. HP: 50/50 MP: 14/17
  3725 | D:5      | Entered Level 5 of the Dungeon
  3731 | D:5      | Noticed Dowan
  3731 | D:5      | Noticed Duvessa
  3741 | D:5      | Killed Dowan
  3768 | D:5      | Killed Duvessa
  3847 | D:5      | Identified the +1 pair of gloves of a Thousand Yaks {rC+
                  | SInv}
  3918 | D:5      | Found a staircase to the Ecumenical Temple.
  3977 | D:5      | Reached skill level 1 in Fighting
  4932 | D:5      | Learned a level 2 spell: Passwall
  4934 | D:5      | Learned a level 1 spell: Magic Dart
  4984 | D:6      | Reached XP level 8. HP: 15/61 MP: 14/19
  5275 | D:5      | Gained mutation: You are frail. (-10% HP) [potion of
                  | mutation]
  5278 | D:5      | Lost mutation: You are frail. (-10% HP) [potion of
                  | mutation]
  5278 | D:5      | Gained mutation: You expend magic power (3 MP) to
                  | strengthen your wands. [potion of mutation]
  5278 | D:5      | Gained mutation: Potions are less effective at restoring
                  | your health. [potion of mutation]
  5278 | D:5      | Gained mutation: Your flesh is heat resistant. (rF+)
                  | [potion of mutation]
  5279 | D:5      | Lost mutation: You expend magic power (3 MP) to strengthen
                  | your wands. [potion of mutation]
  5279 | D:5      | Lost mutation: Potions are less effective at restoring your
                  | health. [potion of mutation]
  5279 | D:5      | Gained mutation: You occasionally lose the ability to drink
                  | potions when taking damage. [potion of mutation]
  5279 | D:5      | Gained mutation: Your system is resistant to poisons.
                  | (rPois) [potion of mutation]
  5479 | D:6      | Noticed Pikel
  5866 | D:7      | Noticed Prince Ribbit
  5872 | D:7      | Learned a level 3 spell: Stone Arrow
  5877 | D:7      | Learned a level 4 spell: Sticky Flame
  5891 | D:7      | Killed Prince Ribbit
  5892 | D:7      | Reached skill level 2 in Fire Magic
  6168 | D:7      | Noticed a cyclops
  6174 | D:7      | Killed a cyclops
  6421 | D:7      | Found Lemas's Firing Range.
  6696 | D:6      | Reached skill level 3 in Fire Magic
  6734 | D:6      | Killed Pikel
  6735 | D:6      | Reached skill level 4 in Fire Magic
  6735 | D:6      | Reached XP level 9. HP: 57/70 MP: 8/20
  7015 | D:8      | Found Laichaih's General Store.
  7021 | D:8      | Reached skill level 5 in Fire Magic
  7632 | D:8      | Reached skill level 5 in Stealth
  7654 | D:8      | Found a staircase to the Lair.
  9072 | D:9      | Noticed Joseph
  9082 | D:9      | Killed Joseph
  9083 | D:9      | Reached skill level 5 in Fighting
  9083 | D:9      | Reached skill level 5 in Dodging
  9260 | D:9      | Found a flagged portal.
  9281 | Bailey   | Entered a bailey
  9317 | Bailey   | Reached XP level 10. HP: 59/81 MP: 12/21
  9602 | Bailey   | Noticed an orc sorcerer
  9607 | Bailey   | Noticed an orc high priest
  9613 | Bailey   | Gained mutation: You sometimes lose the ability to drink
                  | potions when taking damage. [a neqoxec]
  9616 | Bailey   | Killed an orc sorcerer
  9617 | Bailey   | Killed an orc high priest
 10711 | Bailey   | Noticed an orc knight
 10723 | Bailey   | Killed an orc knight
 11209 | D:9      | Noticed a two-headed ogre
 11211 | D:9      | Acquired the amulet of Discord {RegenMP Fragile rC++}
 11219 | D:9      | Killed a two-headed ogre
 11323 | D:10     | Entered Level 10 of the Dungeon
 11724 | D:10     | Reached XP level 11. HP: 70/92 MP: 11/24
 12455 | D:10     | Found a staircase to the Orcish Mines.
 14058 | D:11     | Noticed a two-headed ogre
 14065 | D:11     | Killed a two-headed ogre
 14163 | D:11     | Noticed a lindwurm
 14288 | D:11     | Noticed a lindwurm
 14289 | D:11     | Noticed a lindwurm
 14398 | Lair:1   | Entered Level 1 of the Lair of Beasts
 14483 | Lair:1   | Reached skill level 1 in Evocations
 14488 | Lair:1   | HP: 4/92 [poisoned by a cane toad]
 14493 | Lair:1   | HP: 1/92 [poisoned by a cane toad]
 15720 | Lair:2   | Noticed a lindwurm
 15737 | Lair:2   | Noticed a skyshark
 15751 | Lair:2   | Killed a skyshark
 15769 | Lair:2   | Reached skill level 5 in Evocations
 15770 | Lair:2   | Killed a lindwurm
 16115 | Lair:2   | Reached XP level 12. HP: 100/100 MP: 27/27
 16122 | Lair:2   | Learned a level 3 spell: Mephitic Cloud
 16186 | Lair:2   | Noticed Gastronok
 16201 | Lair:2   | Killed Gastronok
 16202 | Lair:2   | Reached skill level 6 in Fire Magic
 16622 | Lair:2   | Reached skill level 7 in Fire Magic
 16962 | Lair:3   | Reached skill level 8 in Fire Magic
 17083 | Lair:3   | Noticed a four-headed hydra
 17091 | Lair:3   | Killed a four-headed hydra
 17299 | Lair:3   | Noticed a four-headed hydra
 17324 | Lair:3   | Killed a four-headed hydra
 17509 | Lair:3   | Found a staircase to the Snake Pit.
 18135 | Lair:4   | Found a staircase to the Slime Pits.
 18884 | Lair:4   | Noticed a boulder beetle
 18896 | Lair:4   | Killed a boulder beetle
 19094 | Lair:4   | Noticed a seven-headed hydra
 19234 | Shoals:1 | Entered Level 1 of the Shoals
 19484 | Lair:4   | Noticed a five-headed hydra
 19494 | Lair:4   | Killed a five-headed hydra
 19495 | Lair:4   | Reached XP level 13. HP: 101/105 MP: 20/31
 19707 | Lair:4   | Reached skill level 10 in Spellcasting
 20268 | Lair:5   | Entered Level 5 of the Lair of Beasts
 21075 | Orc:1    | Entered Level 1 of the Orcish Mines
 21313 | Orc:1    | Found a dark tunnel.
 21381 | Volcano  | Entered a volcano
 21865 | Volcano  | Identified the -1 helmet of Parlour Games {Str+4 Dex+4}
 22236 | Orc:1    | Noticed an orc warlord
 22268 | Orc:1    | Killed an orc warlord
 22819 | Orc:2    | Entered Level 2 of the Orcish Mines
 22819 | Orc:2    | Found a staircase to the Elven Halls.
 23038 | Orc:2    | Reached skill level 10 in Stealth
 24513 | Orc:2    | Learned a level 3 spell: Call Canine Familiar
 24552 | Orc:2    | Learned a level 4 spell: Animate Armour
 24608 | Orc:2    | Found Riddiek's Magic Scroll Shop.
 24615 | Orc:2    | Bought a scroll of identify for 30 gold pieces
 24631 | Orc:2    | Noticed Nergalle
 24641 | Orc:2    | Killed Nergalle
 24746 | Orc:2    | Found Puimet's Antique Armour Shop.
 24765 | Orc:2    | Reached XP level 14. HP: 110/116 MP: 26/34
 24847 | Orc:2    | Found Fifi's Jewellery Shop.
 24931 | Orc:2    | Found Deuhiymn's Magic Scroll Boutique.
 24942 | Orc:2    | Bought a scroll of magic mapping for 127 gold pieces
 24942 | Orc:2    | Bought a scroll of magic mapping for 127 gold pieces
 24942 | Orc:2    | Bought a scroll of teleportation for 51 gold pieces
 25000 | Orc:2    | Bought a scroll of enchant armour for 127 gold pieces
 25414 | D:12     | Found Lacuown's Distillery.
 25454 | D:12     | Bought a potion of mutation for 88 gold pieces
 25454 | D:12     | Bought a potion of heal wounds for 55 gold pieces
 25454 | D:12     | Bought a potion of haste for 110 gold pieces
 25463 | D:12     | Lost mutation: Your system is resistant to poisons. (rPois)
                  | [potion of mutation]
 25463 | D:12     | Lost mutation: You sometimes lose the ability to drink
                  | potions when taking damage. [potion of mutation]
 25463 | D:12     | Lost mutation: You occasionally lose the ability to drink
                  | potions when taking damage. [potion of mutation]
 25463 | D:12     | Gained mutation: You are weak. (Str -2) [potion of
                  | mutation]
 25463 | D:12     | Gained mutation: You possess an exceptional clarity of
                  | mind. [potion of mutation]
 25728 | D:12     | Found Duope's Magic Scroll Shop.
 25734 | D:12     | Bought a scroll of acquirement for 676 gold pieces
 25734 | D:12     | Bought a scroll of blinking for 97 gold pieces
 25734 | D:12     | Bought a scroll of teleportation for 39 gold pieces
 25734 | D:12     | Bought a scroll of enchant armour for 97 gold pieces
 25734 | D:12     | Bought a scroll of enchant armour for 97 gold pieces
 25734 | D:12     | Acquired 935 gold pieces
 25738 | D:12     | Bought a scroll of enchant armour for 97 gold pieces
 26047 | D:8      | Bought a scroll of enchant armour for 97 gold pieces
 26373 | D:12     | Noticed Erolcha
 26383 | D:12     | Killed Erolcha
 26712 | D:12     | Found Emecas's Distillery.
 26720 | D:12     | Bought a potion of might for 52 gold pieces
 26720 | D:12     | Bought a potion of magic for 104 gold pieces
 26720 | D:12     | Bought a potion of curing for 39 gold pieces
 26936 | D:12     | Reached skill level 9 in Fire Magic
 27379 | Orc:2    | Bought a ring of wizardry for 450 gold pieces
 27390 | Orc:2    | Learned a level 8 spell: Ignition
 27633 | D:13     | Reached skill level 10 in Fire Magic
 28617 | D:13     | Learned a level 5 spell: Borgnjor's Vile Clutch
 28714 | D:13     | Reached skill level 11 in Fire Magic
 29747 | D:14     | Found a gate to the Vaults.
 30697 | D:14     | Found a runed translucent door.
 30698 | D:14     | Noticed diceflayer's ghost (journeyman DsGl)
 30847 | D:15     | Entered Level 15 of the Dungeon
 31242 | D:15     | Reached skill level 12 in Fire Magic
 31275 | D:15     | Learned a level 4 spell: Leda's Liquefaction
 31441 | D:15     | Reached skill level 1 in Shields
 31700 | D:15     | Reached XP level 15. HP: 123/123 MP: 24/36
 32677 | D:15     | Reached skill level 5 in Shields
 33357 | D:15     | Noticed a caustic shrike
 33362 | D:15     | a caustic shrike changed into a juggernaut
 33362 | D:15     | Noticed a juggernaut (glowing shapeshifter)
 33363 | D:15     | a juggernaut changed into a titan
 33363 | D:15     | Noticed a titan (glowing shapeshifter)
 33370 | D:15     | Noticed a titan
 33523 | D:15     | Found a staircase to the Depths.
 33937 | Snake:1  | Entered Level 1 of the Snake Pit
 34284 | Lair:5   | Reached skill level 13 in Fire Magic
 35699 | Lair:5   | Learned a level 5 spell: Lee's Rapid Deconstruction
 35710 | Lair:5   | Identified the +7 chain mail "Nupastry" {*Slow rElec rF+}
 36366 | Elf:1    | Entered Level 1 of the Elven Halls
 36547 | Elf:1    | Paralysed by an air elemental for 1 turns
 36576 | Elf:1    | Reached skill level 14 in Fire Magic
 37047 | Elf:1    | Found Senat's Assorted Antiques.
 37053 | Elf:1    | Bought a glowing hat for 189 gold pieces
 37053 | Elf:1    | Bought a slimy hand axe for 216 gold pieces
 37053 | Elf:1    | Identified the +3 hand axe of the Boar {venom, Drain rPois
                  | SInv Stlth+} (You bought it in a shop on level 1 of the
                  | Elven Halls)
 37130 | Elf:1    | Paralysed by an air elemental for 1 turns
 37562 | Elf:1    | Reached XP level 16. HP: 77/134 MP: 29/38
 37701 | Elf:1    | Reached skill level 10 in Fighting
 37901 | Elf:1    | Noticed a Tzitzimitl
 39251 | Elf:1    | Found Hioroo Zufef's Book Boutique.
 39252 | Elf:1    | Found Quistah's Jewellery Emporium.
 39253 | Elf:1    | Found Toss's Book Boutique.
 39263 | Elf:1    | Bought a book of Spatial Translocations for 216 gold pieces
 39267 | Elf:1    | Learned a level 2 spell: Blink
 40222 | Elf:2    | Learned a level 6 spell: Iron Shot
 40235 | Elf:2    | Found a runed translucent gate.
 40246 | Elf:2    | Found a runed translucent gate.
 40247 | Elf:2    | Found a runed translucent gate.
 40319 | Elf:3    | Entered Level 3 of the Elven Halls
 40397 | Elf:3    | Noticed a deep elf blademaster
 40404 | Elf:3    | Killed a deep elf blademaster
 40415 | Elf:3    | Noticed a deep elf master archer
 41206 | Elf:3    | Reached skill level 5 in Conjurations
 41439 | Elf:3    | Identified the staff of conjuration "Basiun" {rElec rC+
                  | Str+3}
 41582 | Elf:3    | Noticed Zenata
 41600 | Elf:3    | HP: 5/141 [+1 heavy flail[Zenata] (17)]
 41600 | Elf:3    | Killed from afar by Zenata

Illustrated notes

Levels and vault maps discovered:
D:1:      heliophobic_arrival_enchanted_forest, layout_loops_corners,
          nicolae_concentric_dashed_squares_wild
D:2:      layout_loops_cross, basic_altar, hangedman_abyss_or_decor_stabs,
          grunt_ministairs_11, kennysheep_generic_room_12
D:3:      layout_loops_ring, nemelex_dance_club_becter,
          ebering_ecumenical_altar_abandoned
D:4:      layout_basic, mainiacjoe_overflow_alcove_1, amcnicky_altar_gilded,
          serial_demonic, serial_demonic_e, serial_demonic_c, serial_demonic_c,
          serial_demonic_d, kennysheep_generic_room_13, uniq_edmund,
          uniq_menkaure
D:5:      layout_gridville, kennysheep_little_box,
          minmay_temple_entry_mini_moons, uniq_duvessa
D:6:      layout_gridville, general_overflow_altar, mainiacjoe_overflow_paths,
          minmay_misc_feat_roman, uniq_pikel
D:7:      layout_cave_pools, nicolae_shop_firing_range, uniq_prince_ribbit1
D:8:      layout_layer_cave, fedhas_altar_4, lair_entry_dummy, serial_shops,
          shop
D:9:      layout_loops_cross, enter_bailey_5, uniq_joseph
D:10:     wad_crossroads, layout_loops_ring, grunt_dithmenos_smoke,
          mainiacjoe_overflow_six_doors_small, erik_orc_1
D:11:     layout_loops_ring, chequers_arboretum, minmay_lindwurm_lava
D:12:     layout_loops_ring, serial_shops, nicolae_shop_industrial_runoff,
          nicolae_shop_industrial_runoff, nicolae_stop_n_shop_2,
          minmay_statues_item, uniq_erolcha
D:13:     cheibrodos_ideogram_h, layout_loops_ring
D:14:     layout_basic, david_vaults_5, ebering_ghost_xom,
          nzn_wu_jian_council_hall
D:15:     gammafunk_enter_depths_forms, layout_loops_cross,
          minmay_misc_feat_doors, xom_confusion_cloud
Lair:1:   layout_cave_pods
Lair:2:   layout_chaotic_city, uniq_gastronok
Lair:3:   layout_roguey, nicolae_shoals_entry_flooding, dummy_snake_entry,
          lemuel_fruit_tree, serial_bayou_shore_b
Lair:4:   layout_cave_shapes, slime_entry_1, special_room
          [special_room_mythical_zoo], serial_bayou_shore_b, grunt_megastairs_3
Lair:5:   hangedman_lair_caniforms_friends, layout_gridlike,
          hangedman_lair_tendril_chambers, gauntlet_entry_generic,
          nicolae_quartered_pool_little
Shoals:1: layout_shoals, serial_shops, nicolae_shop_stone, lemuel_oklob_altar,
          uniq_mlioglotl
Snake:1:  layout_chambers
Orc:1:    layout_caves, special_room [special_room_bee],
          nicolae_volcano_entry_s_turn, nicolae_orc_rockfall
Orc:2:    kennysheep_orc_mage_school, layout_caves, nicolae_orc_stony_grotto,
          nooodl_orcs_dogs
Elf:1:    elf_arrival_001, layout_loops_ring, serial_shops, shop, minivault_28,
          st_stairs_11, lemuel_upstairs_altar, minmay_shop_grove
Elf:2:    nicolae_elf_blades_splatter_lattice
          [nicolae_blade_entry_diamond_columns], layout_gridlike,
          lemuel_elevator
Elf:3:    grunt_elf_hall_branching, layout_geoelf_octagon,
          nicolae_elf_vaults_five_recruitment_drive, uniq_zenata

Skill      XL: |  1  2  3  4  5  6  7  8  9 10 11 12 13 14 15 16 |
---------------+-------------------------------------------------+-----
Earth Magic    | 3 4 5 6 |  6.8
Spellcasting   | 2 3 4 5 6 7 9 11 12 13 | 13.0
Stealth        | 4 5 6 9 10 | 10.9
Dodging        | 2 5 7 8 9 |  9.7
Fighting       | 2 3 5 7 8 9 12 | 12.9
Conjurations   | 4 5 |  5.4
Fire Magic     | 4 5 8 12 14 | 14.1
Evocations     | 6 |  6.0
Shields        | 2 6 |  6.4
Transmutations | |  0.8

Action                     |  1- 3 |  4- 6 |  7- 9 | 10-12 | 13-15 | 16-18 || total
---------------------------+-------+-------+-------+-------+-------+-------++-------
  Melee: Dagger            |    45 |     5 |       |       |       |       ||    50
         Punch             |     1 |       |       |       |     1 |       ||     2
         Flail             |       |     4 |    13 |    33 |   106 |       ||   156
         Mace              |       |       |       |       |     1 |     1 ||     2
   Cast: Sandblast         |    36 |    41 |   133 |   286 |   304 |       ||   800
         Stone Arrow       |       |       |    18 |    82 |   618 |    92 ||   810
         Sticky Flame      |       |       |     6 |    97 |   157 |     5 ||   265
         Passwall          |       |       |     1 |       |       |       ||     1
         Call Canine Famil |       |       |       |       |     7 |       ||     7
         Mephitic Cloud    |       |       |       |       |     4 |       ||     4
         Animate Armour    |       |       |       |       |     6 |     1 ||     7
         Borgnjor's Vile C |       |       |       |       |    57 |    18 ||    75
         Ignition          |       |       |       |       |    10 |    22 ||    32
         Lee's Rapid Decon |       |       |       |       |     8 |    26 ||    34
         Iron Shot         |       |       |       |       |       |    25 ||    25
         Blink             |       |       |       |       |       |     1 ||     1
  Evoke: Wand              |       |     6 |     1 |     4 |       |     1 ||    12
         Phantom mirror    |       |       |       |     1 |     1 |       ||     2
    Use: Potion            |     1 |       |     8 |     1 |     7 |     6 ||    23
         Scroll            |       |     2 |    10 |     8 |    24 |     4 ||    48
   Stab: Sleeping          |     5 |     2 |       |       |     1 |       ||     8
         Distracted        |       |       |       |       |     1 |       ||     1
 Armour: Robe              |     7 |    11 |    20 |    80 |   168 |    14 ||   300
         Steam dragon scal |       |       |       |       |   193 |       ||   193
  Dodge: Dodged            |    34 |    39 |    78 |   290 |   714 |    35 ||  1190
  Block: Buckler           |       |       |       |       |    62 |    20 ||    82
         Reflection        |       |       |       |       |     1 |     6 ||     7
